 Dungeon Crawl Stone Soup version 0.27-a0-789-g6bb3289e1e (webtiles) character file.

Game seed: 16104208016311805040

9 Goblin1989 the Insei (level 2, -5/22 HPs)
             Began as a Djinni Transmuter on Mar 26, 2021.
             Killed by Freeze
             ... generated by an endoplasm
              (7 damage)
             ... on level 1 of the Dungeon.
             The game lasted 00:01:18 (496 turns).

Goblin1989 the Insei (Djinni Transmuter)             Turns: 496, Time: 00:01:18

Health: -5/22      AC:  2    Str:  9    XL:     2   Next: 12%
Gold:   7          EV: 12    Int: 14    God:
                   SH:  0    Dex: 13

rFire    + + .     SeeInvis .     - Unarmed
rCold    x . .     Faith    .   (no shield)
rNeg     . . .     Spirit   .   a - +0 robe
rPois    ∞         Reflect  .   (no helmet)
rElec    .         Harm     .   (no cloak)
rCorr    .         Rampage  .   (no gloves)
Will     .....                  (boots unavailable)
Stlth    +.........             (no amulet)
HPRegen  0.07/turn              (no ring)
MPRegen  0.00/turn              (no ring)

@: flying, very slightly contaminated, invisible
A: fire resistance 2, cold vulnerability 1, float, innate caster, hp casting,
extra vitality 1
a: no special abilities


You were on level 1 of the Dungeon.
You visited 1 branch of the dungeon, and saw 1 of its levels.

You collected 7 gold pieces.

Inventory:

Armour
 a - a +0 robe (worn)
Scrolls
 c - a scroll of identify {unknown}
Potions
 d - a potion of haste {unknown}


   Skills:
 + Level 1.2 Fighting
 + Level 2.3 Dodging
 * Level 3.2 Unarmed Combat
 + Level 1.9 Spellcasting


You couldn't memorise any spells.
You knew the following spells:

 Your Spells              Type           Power      Damage    Failure   Level
a - Beastly Appendage     Tmut           12%        N/A       11%         1
b - Wereblood             Tmut           6%         N/A       16%         2
c - Spider Form           Tmut/Pois      3%         N/A       32%         3
d - Ice Form              Ice/Tmut       6%         N/A       71%         4
e - Blade Hands           Tmut           3%         N/A       96%         5
Your spell library was empty.

Dungeon Overview and Level Annotations

Branches:
Dungeon (1/15)

Altars:


Innate Abilities, Weirdness & Mutations

You are immune to poison.
Your flesh is very heat resistant. (rF++)
You are vulnerable to cold. (rC-)
You float through the air rather than walking.
You learn spells naturally, not from books.
Your magical power is your life essence.
You have superior vitality. (+4 HP)


Message History

You take 4 damage, and have 17/22 hp.
You closely miss the kobold. The kobold closely misses you.
You hit the kobold but do no damage. The bat hits you.
The kobold barely misses you.
You take 1 damage, and have 16/22 hp.
You hit the kobold.
The kobold is moderately wounded.
The bat closely misses you.
The kobold hits you with a +0 short sword.
You take 2 damage, and have 14/22 hp.
You barely miss the bat.
Your transformation is almost over.
The bat barely misses you. The bat misses you.
The kobold hits you with a +0 short sword.
You take 4 damage, and have 10/22 hp.
You are too injured to fight recklessly!
You are too injured to fight recklessly!
You are too injured to fight recklessly!
You are too injured to fight recklessly!
You are too injured to fight recklessly!
You are too injured to fight recklessly!
You are too injured to fight recklessly!
You are too injured to fight recklessly!
You are too injured to fight recklessly!
You are too injured to fight recklessly!
You are too injured to fight recklessly!
You are too injured to fight recklessly!
You are too injured to fight recklessly!
You are too injured to fight recklessly!
You are too injured to fight recklessly!
You are too injured to fight recklessly!
You are too injured to fight recklessly!
You are too injured to fight recklessly!
You are too injured to fight recklessly!
You hit the kobold. Your headbutt misses the kobold.
The kobold is severely wounded.
The bat hits you but does no damage. The kobold hits you but does no damage.
You hit the kobold but do no damage.
The kobold is severely wounded.
The kobold hits you with a +0 short sword.
* * * LOW HITPOINT WARNING * * *
You take 2 damage, and have 8/22 hp.
You hit the kobold.
You kill the kobold!
An endoplasm comes into view.
The bat barely misses you.
Things that are here:
a +0 short sword; a stone The bat hits you.
* * * LOW HITPOINT WARNING * * *
You take 1 damage, and have 7/22 hp.
The bat closely misses you.
Casting: Beastly Appendage (safe; 11% risk of failure)
Confirm with . or Enter, or press ? or * to list all spells.
You extend your transformation's duration.
* * * LOW HITPOINT WARNING * * *
The bat barely misses you.
You take 1 damage, and have 7/22 hp.
The bat hits you.
* * * LOW HITPOINT WARNING * * *
You take 1 damage, and have 6/22 hp.
You miss the bat. You headbutt the bat.
You kill the bat!
Your transformation is almost over.
A bat comes into view.
You hit the endoplasm.
The endoplasm is lightly wounded.
The endoplasm freezes you.
You are frozen.
* * * LOW HITPOINT WARNING * * *
You take 1 damage, and have 5/22 hp.
The bat hits you but does no damage. The bat barely misses you.
The bat closely misses you.
You closely miss the bat. The bat closely misses you. The bat hits you.
* * * LOW HITPOINT WARNING * * *
The bat hits you.
* * * LOW HITPOINT WARNING * * *
Found 19 poisoned darts.
You take 2 damage, and have 3/22 hp.
The bat closely misses you. The bat closely misses you. The bat hits you.
* * * LOW HITPOINT WARNING * * *
Things that are here:
a +0 short sword; a stone You take 1 damage, and have 2/22 hp.
It was a potion of invisibility.
You fade into invisibility!
The bat closely misses you.
You are very lightly contaminated with residual magic.
You hit the endoplasm.
The endoplasm is moderately wounded.
Your horns disappear.
The endoplasm hits you.
* * * LOW HITPOINT WARNING * * *
You take 1 damage, and have 2/22 hp.
You hit the endoplasm.
The endoplasm is almost dead.
The endoplasm freezes you.
You die...

███. █.█.......█..... ....
█.█.......█.████ .....
█.█.......█.████
...██████.█..█.█..█.....
......█.█....█..█....█ ███
█.██.█............█.█ ....
█......█.......█..█.█
.....██.██.█............█.█
........██@█............█.█
.....██.██J█.█........█.█.█
.... █...b..███...........
... █....................
.█ █.......██...██.███.█
▲............█ █.......██.
█.......█ . █.......█


You could see an endoplasm and a bat.

Vanquished Creatures
  A ball python (D:1)
  A bat (D:1)
  An endoplasm (D:1)
  A goblin (D:1)
  A hobgoblin (D:1)
  2 kobolds (D:1)
7 creatures vanquished.

Notes
Turn   | Place    | Note
-------+----------+-------------------------------------------
     0 | D:1      | Goblin1989 the Djinni Transmuter began the quest for the
                  | Orb.
     0 | D:1      | Reached XP level 1. HP: 17/17 MP: 0/0
   388 | D:1      | Reached XP level 2. HP: 18/22 MP: 0/0
   496 | D:1      | Killed from afar by an endoplasm

Illustrated notes

Levels and vault maps discovered:
D:1:      dpeg_arrival_stonehenge_12_columns, layout_basic, cheibriados_altar_1

Action                   || total
-------------------------++-------
Melee: Unarmed           ||    30
       Headbutt          ||     3
 Cast: Beastly Appendage ||     6
  Use: Potion            ||     1
Armor: Robe              ||     4
Dodge: Dodged            ||    23

Table legend: (Time is in decaauts)
 A = Elapsed time spent in this place.
 B = Non-inter-level travel time spent in this place.
 C = Inter-level travel time spent in this place.
 D = Time resting spent in this place.
 E = Time spent auto-exploring this place.
 F = Levels seen in this place.
 G = Mean time per level.
                   A        B        C        D        E       F      G
               +--------+--------+--------+--------+--------+-----+--------+
         Total |    494 |    494 |      0 |    149 |    269 |   1 |  494.0 |
       Dungeon |    494 |    494 |      0 |    149 |    269 |   1 |  494.0 |
               +--------+--------+--------+--------+--------+-----+--------+

Top non-repeatable levels by time:
     D:1: 494 daAuts
